 Dungeon Crawl Stone Soup version 0.28.0-53-g5a82cb258f (webtiles) character file.

Game seed: 15754743481875054514

8659 firemarshallily the Fighter (level 11, -8/83 (95) HPs)
             Began as a Demonspawn Gladiator on June 25, 2022.
             Was a High Priest of Cheibriados.
             Mangled by Urug
             ... wielding a +1 demon trident of draining
              (18 damage)
             ... on level 11 of the Dungeon on June 28, 2022.
             The game lasted 00:27:22 (10013 turns).

firemarshallily the Fighter (Demonspawn Gladiator) Turns: 10013, Time: 00:27:22

HP:   -8/83 (95)    AC: 14    Str: 30    XL:     11   Next: 12%
MP:   11/11         EV: 19    Int: 25    God:    Cheibriados [*****.]
Gold: 171           SH:  0    Dex: 27    Spells: 10/10 levels left

rFire   . . .      SeeInvis .   z - +5 scimitar of Defence {flame, *Noise rElec rPois Int+3}
rCold   . . .      Faith    .   (no shield)
rNeg    . . .      Spirit   .   y - +2 steam dragon scales
rPois   +          Reflect  .   (helmet restricted)
rElec   +          Harm     .   l - +0 cloak {rCorr}
rCorr   +          Rampage  .   (no gloves)
Will    .....                   (no boots)
Stlth   ++........              i - amulet of the acrobat
HPRegen 0.23/turn               D - +4 ring of slaying
MPRegen 0.12/turn               r - +4 ring of protection

@: mighty, agile, heavily drained, very slow
A: horns 2, rugged brown scales 1, powered by pain 2
a: Renounce Religion, Bend Time, Temporal Distortion, Slouch, Step From Time


You were on level 11 of the Dungeon.
You worshipped Cheibriados.
Cheibriados was extremely pleased with you.
You visited 1 branch of the dungeon, and saw 11 of its levels.

You collected 488 gold pieces.
You spent 317 gold pieces at shops.

Inventory:

Hand Weapons
 a - a +0 long sword
 z - the +5 scimitar of Defence (weapon) {flame, *Noise rElec rPois Int+3}
   (You bought it in a shop on level 8 of the Dungeon)

   It burns those it strikes, dealing additional fire damage.
   Big, fiery blades are also staple armaments of hydra-hunters.
   Int:       It affects your intelligence (+3).
   rElec:     It insulates you from electricity.
   rPois:     It protects you from poison.
   *Noise:    It may make noises in combat.
Missiles
 d - 4 throwing nets
 o - 12 boomerangs
 A - a curare-tipped dart
 B - 4 poisoned darts
 E - 16 silver boomerangs (quivered)
Armour
 l - a +0 cloak of preservation (worn)
 y - +2 steam dragon scales (worn)
Jewellery
 h - a ring of poison resistance
 i - an amulet of the acrobat (around neck)
 k - a ring of ice
 q - a ring of flight
 r - a +4 ring of protection (right hand)
 C - an amulet of magic regeneration
 D - a +4 ring of slaying (left hand)
Wands
 e - a wand of iceblast (3)
Scrolls
 f - 5 scrolls of teleportation
 g - a scroll of torment {unknown}
 j - 5 scrolls of enchant weapon
 s - a scroll of amnesia
 u - a scroll of magic mapping {unknown}
Potions
 b - 3 potions of curing
 c - 3 potions of resistance
 m - a potion of brilliance
 n - 2 potions of attraction
 p - a potion of magic
 t - a potion of lignification {unknown}
 v - a potion of mutation {unknown}
 w - a potion of ambrosia {unknown}
 x - 3 potions of flight


   Skills:
 * Level 11.2 Fighting
 * Level 10.5 Long Blades
 - Level 2.0 Throwing
 + Level 6.7 Armour
 - Level 3.0 Dodging


You had 10 spell levels left.
You didn't know any spells.
Your spell library contained the following spells:

 Spells                   Type           Power      Damage    Failure   Level
 Ensorcelled Hibernation  Hex/Ice        0%         N/A       21%         2
 Passwall                 Tmut/Erth      0%         N/A       21%         2
 Sublimation of Blood     Necr           0%         N/A       21%         2
 Gell's Gravitas          Tloc           0%         N/A       38%         3
 Swiftness                Air            0%         N/A       38%         3
 Teleport Other           Tloc           0%         N/A       38%         3
 Tukima's Dance           Hex            0%         N/A       38%         3
 Anguish                  Hex/Necr       0%         N/A       80%         4
 Petrify                  Tmut/Erth      0%         N/A       80%         4
 Irradiate                Conj/Tmut      0%         3d13      98%         5
 Dispersal                Tloc           0%         N/A       100%        6
 Enfeeble                 Hex            0%         N/A       100%        7


Dungeon Overview and Level Annotations

Branches:
Dungeon (11/15)            Temple (0/1) D:4            Lair (0/6) D:10
    Orc: D:9-12

Altars:
Cheibriados
Elyvilon
Gozag
Okawaru
Qazlal
Trog
Uskayaw
Xom
Yredelemnul
Zin
The Shining One

Shops:
D:1 !   D:8 (

Annotations:
D:9 3 runed translucent doors, hawla's ghost, novice DrCj
D:11 Urug


Innate Abilities, Weirdness & Mutations

You have a pair of horns on your head.
You are partially covered in rugged brown scales. (AC +1, +3% HP)
You sometimes gain power by taking damage.


Message History

Okay, then.
Urug barely misses you. Urug completely misses you.
Things that are here:
a yak corpse; a yak corpse You barely miss Urug.
The orc closely misses you.
Urug hits you with a +1 demon trident of draining!
You feel drained.
You hit Urug but do no damage. Your headbutt misses Urug.
The orc hits you but does no damage. Urug barely misses you.
You closely miss Urug. Your punch misses Urug.
The orc hits you but does no damage.
You barely miss Urug. Your headbutt misses Urug.
You hear a roar!
An acid dragon comes into view.
Urug adjusts her eyepatch.
Urug misses you. The orc closely misses you.
You barely miss Urug. Your headbutt misses Urug.
Urug hits you with a +1 demon trident of draining!
You feel drained. The orc barely misses you.
You slice Urug!! You burn Urug. Your headbutt misses Urug.
Urug is heavily wounded.
Urug roars.
Urug hits you with a +1 demon trident of draining!!
* * * LOW HITPOINT WARNING * * *
You focus on the pain.
You feel very mighty all of a sudden.
You feel drained.
* * * LOW HITPOINT WARNING * * *
The orc misses you.
You feel better.
Urug hits you with a +1 demon trident of draining.
* * * LOW HITPOINT WARNING * * *
You feel drained.
* * * LOW HITPOINT WARNING * * *
The orc closely misses you.
Unknown command.
You slash Urug! You burn Urug!
Urug is almost dead.
Urug hits you with a +1 demon trident of draining!!
You die...

## # #. ...#
...#... .Y.
..#.#. ... .....
YY # #.#.#.#
#.##....<
..[...?o#####
#.......@oDZ#
#.####[.###.#.#.
#^.<....D..
#....###.#...
#.##.# .#.#Z# #.
#.# .# # # # #..
<. #.# ## #.#


You could see Urug, an acid dragon, an orc and a centaur warrior zombie.

Vanquished Creatures
  A boulder beetle (D:10)
  2 two-headed ogres (D:8)
  An ugly thing (D:11)
  Maurice (D:9)
  Maggie (D:8)
  A hornet (D:8)
  A troll (D:10)
  Sigmund (D:4)
  3 wyverns
  A basilisk (D:10)
  8 yaks
  A steam dragon (D:9)
  An acid dragon (D:9)
  A water moccasin (D:6)
  An orc warrior (D:9)
  An ice beast (D:7)
  2 black bears
  2 ogres
  5 centaurs
  A bullfrog (D:8)
  3 kobold brigands
  A scorpion (D:6)
  A wyvern zombie (D:8)
  11 killer bees
  5 wights (D:10)
  2 howler monkeys (D:9)
  4 centaur zombies
  2 jellies
  2 hounds
  A bullfrog zombie (D:5)
  2 orc priests (D:9)
  2 bullfrog skeletons
  2 iguanas (D:4)
  4 orc wizards
  2 hound skeletons
  2 howler monkey zombies
  7 gnolls
  3 adders (D:5)
  A shadow imp (D:5)
  3 worms
  12 orcs
  2 bats (D:1)
  3 endoplasms
  2 giant cockroaches
  9 goblins
  A hobgoblin (D:2)
  12 kobolds
  A quokka (D:2)
  3 ball pythons
  A frilled lizard (D:1)
  4 rats
146 creatures vanquished.

Vanquished Creatures (collateral kills)
  4 killer bees (D:8)
  A centaur zombie (D:8)
5 creatures vanquished.

Grand Total: 151 creatures vanquished

Notes
Turn   | Place    | Note
-------+----------+-------------------------------------------
     0 | D:1      | firemarshallily the Demonspawn Gladiator began the quest
                  | for the Orb.
     0 | D:1      | Reached XP level 1. HP: 16/16 MP: 1/1
    87 | D:1      | Found a faded altar of an unknown god.
    96 | D:1      | Prayed at the altar of an unknown god.
    96 | D:1      | Became a worshipper of Cheibriados the Contemplative
    96 | D:1      | Reached * piety under Cheibriados
   219 | D:1      | Found Voewk's Distillery.
   510 | D:2      | Gained mutation: You sometimes gain a little power by
                  | taking damage. [demonic ancestry]
   510 | D:2      | Reached XP level 2. HP: 22/22 MP: 2/2
   925 | D:1      | Bought a potion of heal wounds for 65 gold pieces
   951 | D:2      | Noticed an ogre
   964 | D:2      | Killed an ogre
   965 | D:2      | Reached skill level 3 in Fighting
   965 | D:2      | Reached XP level 3. HP: 13/29 MP: 3/3
   965 | D:2      | Gained mutation: You have a pair of small horns on your
                  | head. [demonic ancestry]
   965 | D:2      | Reached XP level 4. HP: 16/35 MP: 4/4
  2258 | D:4      | Reached ** piety under Cheibriados
  2289 | D:4      | Gained mutation: You are partially covered in rugged brown
                  | scales. (AC +1, +3% HP) [demonic ancestry]
  2289 | D:4      | Reached XP level 5. HP: 35/43 MP: 5/5
  2451 | D:4      | Noticed Sigmund
  2460 | D:4      | Killed Sigmund
  2461 | D:4      | Reached skill level 4 in Fighting
  2461 | D:4      | Reached skill level 1 in Armour
  2461 | D:4      | Gained mutation: You sometimes gain power by taking damage.
                  | [demonic ancestry]
  2461 | D:4      | Reached XP level 6. HP: 43/50 MP: 6/6
  2570 | D:4      | Found a staircase to the Ecumenical Temple.
  3017 | D:5      | Entered Level 5 of the Dungeon
  3029 | D:5      | Reached skill level 5 in Fighting
  3029 | D:5      | Reached skill level 5 in Long Blades
  3094 | D:5      | Reached XP level 7. HP: 57/57 MP: 7/7
  3646 | D:6      | Reached skill level 6 in Fighting
  3647 | D:6      | Found an iron altar of Okawaru.
  3959 | D:6      | Reached XP level 8. HP: 57/66 MP: 8/8
  4015 | D:6      | Found a bloodstained altar of Trog.
  4397 | D:7      | Reached *** piety under Cheibriados
  4677 | D:7      | Reached skill level 7 in Fighting
  5673 | D:8      | Noticed Maggie
  5686 | D:8      | Killed Maggie
  5687 | D:8      | Reached XP level 9. HP: 49/76 MP: 9/9
  5834 | D:8      | Reached skill level 8 in Fighting
  6413 | D:8      | Found Novy's Antique Weapon Shop.
  6418 | D:8      | Bought a steaming scimitar for 252 gold pieces
  6418 | D:8      | Identified the +5 scimitar of Defence {flame, *Noise rElec
                  | rPois Int+3} (You bought it in a shop on level 8 of the
                  | Dungeon)
  6540 | D:8      | Noticed a two-headed ogre
  6548 | D:8      | Killed a two-headed ogre
  6549 | D:8      | Reached skill level 9 in Fighting
  6549 | D:8      | Reached skill level 5 in Armour
  6821 | D:8      | Reached **** piety under Cheibriados
  7036 | D:8      | Noticed a two-headed ogre
  7041 | D:8      | Killed a two-headed ogre
  7042 | D:8      | Gained mutation: You have a pair of horns on your head.
                  | [demonic ancestry]
  7042 | D:8      | Reached XP level 10. HP: 26/85 MP: 10/10
  7419 | D:9      | Noticed Maurice
  7441 | D:9      | Killed Maurice
  7628 | D:9      | Found a runed translucent gate.
  7630 | D:9      | Found a runed translucent gate.
  7630 | D:9      | Found a runed translucent gate.
  7630 | D:9      | Noticed hawla's ghost (novice DrCj)
  7956 | D:9      | Identified the +1 leather armour of Depression {*Corrode
                  | rN+ Str+9}
  7984 | D:9      | Reached skill level 10 in Fighting
  8000 | D:9      | Identified the +0 helmet of the Bells {MP+9 Int+4}
  8515 | D:9      | Found a snail-covered altar of Cheibriados.
  8693 | D:10     | Entered Level 10 of the Dungeon
  8760 | D:10     | Found a basalt altar of Yredelemnul.
  8770 | D:10     | Found a staircase to the Lair.
  9199 | D:10     | Reached ***** piety under Cheibriados
  9201 | D:10     | Reached skill level 10 in Long Blades
  9273 | D:10     | Noticed a boulder beetle
  9293 | D:10     | Killed a boulder beetle
  9512 | D:10     | Reached skill level 11 in Fighting
  9682 | D:10     | Reached XP level 11. HP: 81/95 MP: 11/11
  9752 | D:10     | Found a hide-covered altar of Uskayaw.
  9755 | D:10     | Found a stormy altar of Qazlal.
  9765 | D:10     | Found an opulent altar of Gozag.
  9771 | D:10     | Found a shimmering altar of Xom.
  9984 | D:11     | Noticed a white ugly thing
  9988 | D:11     | Killed a white ugly thing
 10004 | D:11     | Noticed Urug
 10013 | D:11     | Mangled by Urug

Illustrated notes

Levels and vault maps discovered:
D:1:      onia_arrival_mini_maze_b, layout_rooms,
          chequers_ecumenical_altar_simple, serial_shops, shop,
          chequers_serial_rivers_small_b, nrook_loot_triangle
D:2:      layout_loops_ring, columned_hall_lemuel
D:3:      layout_loops_cross, roderic_lattice_a, nicolae_elevator_lobby_asterisk
D:4:      layout_basic, minmay_temple_entry_glassed_door, uniq_sigmund
D:5:      layout_gridville
D:6:      layout_basic, mainiacjoe_overflow_alcove_4,
          nicolae_overflow_crystal_walls
D:7:      layout_loops_cross
D:8:      minmay_angry_zag, layout_loops_ring, serial_shops,
          kennysheep_little_box, feat_on_display, uniq_maggie
D:9:      layout_basic, nicolae_overflow_hidden_temple,
          ebering_ghost_rock_garden, hangedman_decor_slide_cut, uniq_maurice
D:10:     layout_irregular_city, nicolae_overflow_hallway_of_the_gods,
          david_lair_generic, minmay_unpleasant_kobolds
D:11:     layout_loops_ring, orc_0_dummy, serial_shops,
          nicolae_shop_behind_doors, nicolae_shop_sticking_my_neck_out,
          uniq_urug

Skill      XL: |  1  2  3  4  5  6  7  8  9 10 |
---------------+-------------------------------+-----
Throwing       | 2 |  2.0
Long Blades    | 3 4 5 6 7 8 10 | 10.5
Dodging        | 3 |  3.0
Fighting       | 3 4 5 6 7 9 11 | 11.2
Armour         | 1 2 3 4 5 6 |  6.7

Action                   |  1- 3 |  4- 6 |  7- 9 | 10-12 || total
-------------------------+-------+-------+-------+-------++-------
Melee: Long sword        |    45 |    88 |   199 |       ||   332
       Punch             |     1 |       |     3 |     1 ||     5
       Headbutt          |       |    24 |    50 |    24 ||    98
       Scimitar          |       |       |    18 |   133 ||   151
Throw: Stone             |     2 |     1 |    12 |     1 ||    16
       Throwing net      |       |     1 |       |       ||     1
       Boomerang         |       |       |     1 |       ||     1
  Use: Scroll            |       |    11 |     2 |     3 ||    16
       Potion            |       |     1 |     6 |     1 ||     8
 Stab: Sleeping          |     1 |     3 |     2 |     3 ||     9
       Held in net/web   |       |     1 |       |       ||     1
       Distracted        |       |       |     1 |       ||     1
Armor: Leather armour    |    17 |    34 |    70 |       ||   121
       Steam dragon scal |       |       |    42 |    50 ||    92
Dodge: Dodged            |    26 |    72 |   271 |   101 ||   470
